 Dungeon Crawl Stone Soup version 0.27-a0-562-g0d39f094a4 (webtiles) character file.

Game seed: 17503366513407899016

31 kae the Ruffian (level 3, -1/31 HPs)
             Began as a Naga Transmuter on Mar 8, 2021.
             Slain by a leopard gecko (4 damage)
             ... on level 1 of the Dungeon.
             The game lasted 00:01:28 (1050 turns).

kae the Ruffian (Naga Transmuter)                   Turns: 1050, Time: 00:01:28

Health: -1/31      AC:  2    Str: 13    XL:     3   Next: 22%
Magic:  6/6        EV:  9    Int: 13    God:
Gold:   78         SH:  0    Dex: 11    Spells: 5/6 levels left

rFire    . . .     SeeInvis +     - Unarmed
rCold    . . .     Faith    .   (no shield)
rNeg     . . .     Spirit   .   a - +0 robe
rPois    +         Reflect  .   (no helmet)
rElec    .         Harm     .   (no cloak)
rCorr    .         Rampage  .   (no gloves)
Will     .....                  (no barding)
Stlth    +.........             (no amulet)
HPRegen  0.10/turn              (no ring)
MPRegen  0.10/turn              (no ring)

@: very slow
A: large, see invisible, deformed body, poison resistance, slowness 2, spit
poison 1, naga tail 1, AC +1
a: Spit Poison


You were on level 1 of the Dungeon.
You visited 1 branch of the dungeon, and saw 1 of its levels.

You collected 78 gold pieces.

Inventory:

Armour
 a - a +0 robe (worn)
Scrolls
 c - a scroll of random uselessness {unknown}
 d - a scroll of immolation {unknown}
 e - a scroll of identify {unknown}
Potions
 b - 2 potions of experience {unknown}


   Skills:
 + Level 1.5 Fighting
 - Level 1.5 Dodging
 * Level 3.5 Unarmed Combat
 + Level 2.3 Spellcasting
 + Level 2.3 Transmutations


You had 5 spell levels left.
You knew the following spells:

 Your Spells              Type           Power      Damage    Failure   Level
a - Beastly Appendage     Tmut           14%        N/A       10%         1

Your spell library contained the following spells:

 Spells                   Type           Power      Damage    Failure   Level
 Wereblood                Tmut           7%         N/A       14%         2
 Spider Form              Tmut/Pois      2%         N/A       41%         3
 Ice Form                 Ice/Tmut       4%         N/A       83%         4
 Blade Hands              Tmut           3%         N/A       95%         5


Dungeon Overview and Level Annotations

Branches:
Dungeon (1/15)

Altars:


Innate Abilities, Weirdness & Mutations

Your serpentine skin is tough. (AC +1)
You have supernaturally acute eyesight. (SInv)
Armour fits poorly on your strangely shaped body.
Your system is resistant to poisons. (rPois)
You cover ground very slowly.
You can spit poison.
You have a snake-like lower body.


Message History

You can't do that yet.
The leopard gecko bites you.
* * * LOW HITPOINT WARNING * * *
You can't do that yet.
The leopard gecko barely misses you. x2
You can't do that yet.
The leopard gecko bites you.
* * * LOW HITPOINT WARNING * * *
You can't do that yet.
You have got your breath back.
The leopard gecko hisses menacingly.
The leopard gecko closely misses you.
Abil: Spit Poison
Press: ? - help, Q - select action, (/) - cycle Shift-Dir - straight line, f/p - leopard gecko
Aim: a leopard gecko The splash of poison hits the leopard gecko.
The leopard gecko is heavily wounded.
The leopard gecko bites you.
* * * LOW HITPOINT WARNING * * *
You can't do that yet.
The leopard gecko barely misses you.
You can't do that yet.
The leopard gecko barely misses you. x2
You can't do that yet.
You have got your breath back.
The leopard gecko bites you.
* * * LOW HITPOINT WARNING * * *
Abil: Spit Poison
Press: ? - help, Q - select action, (/) - cycle Shift-Dir - straight line, f/p - leopard gecko
Aim: a leopard gecko (heavily wounded)
The splash of poison misses the leopard gecko.
The leopard gecko barely misses you.
You can't do that yet.
The leopard gecko closely misses you.
You can't do that yet.
The leopard gecko barely misses you.
You can't do that yet.
You have got your breath back.
The leopard gecko bites you.
You die...

. #)# ...
.#######)# #.#
>...(..#.# #.#
#....#.# #.#
#....#[# #.#
#......# #.#
#.....## #l#
#.....# #@#
#.....## #.#
#....... #.#
#####....... #.#
#......).### #.#
#..........#
#.#####........#..
#.................
#############.....
#..###


You could see a leopard gecko.

Vanquished Creatures
  2 dart slugs (D:1)
  6 goblins (D:1)
  3 hobgoblins (D:1)
  3 jackals (D:1)
  3 bats (D:1)
  A frilled lizard (D:1)
  4 kobolds (D:1)
  2 rats (D:1)
24 creatures vanquished.

Notes
Turn   | Place    | Note
-------+----------+-------------------------------------------
     0 | D:1      | kae the Naga Transmuter began the quest for the Orb.
     0 | D:1      | Reached XP level 1. HP: 18/18 MP: 3/3
   199 | D:1      | Reached XP level 2. HP: 25/25 MP: 3/5
   876 | D:1      | Reached XP level 3. HP: 31/31 MP: 4/6
  1050 | D:1      | Slain by a leopard gecko

Illustrated notes

Levels and vault maps discovered:
D:1:      dpeg_arrival_long_road, layout_rooms

Action                   || total
-------------------------++-------
Melee: Unarmed           ||    60
       Headbutt          ||     5
       Punch             ||     1
 Cast: Beastly Appendage ||    15
 Abil: Spit Poison       ||    13
Armor: Robe              ||     9
Dodge: Dodged            ||    46

Table legend: (Time is in decaauts)
 A = Elapsed time spent in this place.
 B = Non-inter-level travel time spent in this place.
 C = Inter-level travel time spent in this place.
 D = Time resting spent in this place.
 E = Time spent auto-exploring this place.
 F = Levels seen in this place.
 G = Mean time per level.
                   A        B        C        D        E       F      G
               +--------+--------+--------+--------+--------+-----+--------+
         Total |   1155 |   1155 |      0 |      0 |    951 |   1 | 1155.0 |
       Dungeon |   1155 |   1155 |      0 |      0 |    951 |   1 | 1155.0 |
               +--------+--------+--------+--------+--------+-----+--------+

Top non-repeatable levels by time:
     D:1: 1155 daAuts
